APP
BOSTON (APP) RED SOX @ BLUEFIELD BLUE JAYS
06/23/2049
 
TOP OF THE 1ST
Boston (APP) Red Sox batting - Pitching for Bluefield Blue Jays : RHP Shalom Diender
Pitching: RHP Shalom Diender
Batting: RHB Kirk Cully 0-0: Foul Ball, location: 2F
0-1: Ball
1-1: Foul Ball, location: 2F
1-2: Strikes out swinging
Batting: RHB Bob Reichley 0-0: Ball
1-0: Ball
2-0: Ball
3-0: Called Strike
3-1: Swinging Strike
3-2: Base on Balls
Batting: LHB Kenny Jackson 0-0: Fielders Choice at 2nd, 3-6 (Groundball, 3, EV 88.8 MPH)
Batting: RHB Felix Rangel 0-0: Swinging Strike
0-1: Ball
1-1: Ball
2-1: Ball
3-1: Called Strike
3-2: Foul Ball, location: 2F
3-2: Base on Balls
Kenny Jackson to second
Batting: RHB Eric Kent 0-0: Fly out, F7 (Flyball, 7S, EV 91.9 MPH)
Top of the 1st over - 0 runs, 0 hits, 0 errors, 2 left on base; Boston (APP) 0 - Bluefield 0
BOTTOM OF THE 1ST
Bluefield Blue Jays batting - Pitching for Boston (APP) Red Sox : LHP Ryan Davis
Pitching: LHP Ryan Davis
Batting: LHB Jessie Stewart 0-0: Fly out, F8 (Flyball, 78D, EV 91.9 MPH)
Batting: SHB Toby Patenaude 0-0: Ground out 6-3 (Groundball, 56, EV 93.8 MPH)
Batting: RHB Mark Noftall 0-0: Ball
1-0: Called Strike
1-1: Ball
2-1: Ball
3-1: Swinging Strike
3-2: SINGLE (Groundball, 56D, EV 105.6 MPH)
Batting: RHB Cedric Nicholls 0-0: Called Strike
0-1: Foul Ball, location: 2F
0-2: Strikes out swinging
Bottom of the 1st over - 0 runs, 1 hit, 0 errors, 1 left on base; Boston (APP) 0 - Bluefield 0
TOP OF THE 2ND
Boston (APP) Red Sox batting - Pitching for Bluefield Blue Jays : RHP Shalom Diender
Batting: RHB Vladmiri Nugaibekov 0-0: Ball
1-0: Swinging Strike
1-1: SINGLE (Groundball, 6D, EV 93.8 MPH)
Batting: RHB Estevan Carrillo 0-0: Ground out 5-3 (Groundball, 56, EV 82.5 MPH)
Vladmiri Nugaibekov to second
Batting: RHB Ryan Davis 0-0: Foul Ball, location: 2F
0-1: Ball
1-1: Swinging Strike
1-2: SINGLE (Line Drive, 8LS, EV 105.6 MPH)
Vladmiri Nugaibekov to third
Runner from 3rd tries for Home, throw by CF and OUT! 8-2
Batting: RHB Luis Nino 0-0: Ball
1-0: Swinging Strike
1-1: Foul Ball, location: 2F
1-2: Strikes out looking
Top of the 2nd over - 0 runs, 2 hits, 0 errors, 1 left on base; Boston (APP) 0 - Bluefield 0
BOTTOM OF THE 2ND
Bluefield Blue Jays batting - Pitching for Boston (APP) Red Sox : LHP Ryan Davis
Batting: LHB Edwin Esparza 0-0: Called Strike
0-1: Swinging Strike
0-2: DOUBLE (Line Drive, 9LM, EV 98.8 MPH)
Batting: RHB Tom Bergman 0-0: Foul Ball, location: 2F
0-1: Ball
1-1: 2-RUN HOME RUN (Flyball, 7D, EV 100.6 MPH), Distance : 388 ft
Batting: RHB Lewis O'Connell 0-0: Fly out, F9 (Flyball, 9S, EV 96.2 MPH)
Batting: RHB Jerry Perez 0-0: Ball
1-0: Ground out 5-3 (Groundball, 56S, EV 89.4 MPH)
Batting: SHB Miguel Sano Jr. 0-0: Ball
1-0: Ball
2-0: Called Strike
2-1: Swinging Strike
2-2: SINGLE (Line Drive, 7S, EV 110.6 MPH)
Batting: LHB Jessie Stewart 0-0: Ball
1-0: Ball
2-0: Foul Ball, location: 2F
2-1: Ball
3-1: Called Strike
3-2: 2-RUN HOME RUN (Flyball, 7LD, EV 93.1 MPH), Distance : 347 ft
Batting: SHB Toby Patenaude 0-0: Ball
1-0: Foul Ball, location: 2F
1-1: Fly out, F4 (Line Drive, 4, EV 70.0 MPH)
Bottom of the 2nd over - 4 runs, 4 hits, 0 errors, 0 left on base; Boston (APP) 0 - Bluefield 4
TOP OF THE 3RD
Boston (APP) Red Sox batting - Pitching for Bluefield Blue Jays : RHP Shalom Diender
Batting: RHB Kirk Cully 0-0: Fly out, F9 (Flyball, 9S, EV 95.0 MPH)
Batting: RHB Bob Reichley 0-0: Ball
1-0: Ball
2-0: Foul Ball, location: 2F
2-1: Hit by Pitch
Batting: LHB Kenny Jackson 0-0: Called Strike
0-1: Ball
1-1: Grounds into double play, 4-6-3 (Groundball, 4, EV 93.8 MPH)
Top of the 3rd over - 0 runs, 0 hits, 0 errors, 0 left on base; Boston (APP) 0 - Bluefield 4
BOTTOM OF THE 3RD
Bluefield Blue Jays batting - Pitching for Boston (APP) Red Sox : LHP Ryan Davis
Batting: RHB Mark Noftall 0-0: Called Strike
0-1: Swinging Strike
0-2: Ball
1-2: SOLO HOME RUN (Flyball, 78XD, EV 105.0 MPH), Distance : 413 ft
Batting: RHB Cedric Nicholls 0-0: Fly out, F9 (Flyball, 89M, EV 78.8 MPH)
Batting: LHB Edwin Esparza 0-0: Called Strike
0-1: Foul Ball, location: 2F
0-2: SINGLE (Groundball, 34D, EV 104.4 MPH)
Batting: RHB Tom Bergman 0-0: Called Strike
0-1: Foul Ball, location: 2F
0-2: Strikes out looking
Batting: RHB Lewis O'Connell 0-0: Ball
1-0: Ball
2-0: Foul Ball, location: 2F
2-1: Called Strike
2-2: Ball
3-2: Strikes out looking
Bottom of the 3rd over - 1 run, 2 hits, 0 errors, 1 left on base; Boston (APP) 0 - Bluefield 5
TOP OF THE 4TH
Boston (APP) Red Sox batting - Pitching for Bluefield Blue Jays : RHP Shalom Diender
Batting: RHB Felix Rangel 0-0: Ball
1-0: Ball
2-0: Ball
3-0: Base on Balls
Batting: RHB Eric Kent 0-0: Called Strike
0-1: Ball
Felix Rangel steals 2nd base
1-1: Swinging Strike
1-2: Foul Ball, location: 2F
1-2: Strikes out swinging
Batting: RHB Vladmiri Nugaibekov 0-0: Fly out, F9 (Flyball, 9D, EV 87.5 MPH)
Runner from 2nd tags up, SAFE at 3rd, no throw by RF
Batting: RHB Estevan Carrillo 0-0: Ball
1-0: 2-RUN HOME RUN (Flyball, 89XD, EV 98.8 MPH), Distance : 406 ft
Batting: RHB Ryan Davis 0-0: Called Strike
0-1: Foul Ball, location: 2F
0-2: Foul Ball, location: 2F
0-2: Strikes out swinging
Top of the 4th over - 2 runs, 1 hit, 0 errors, 0 left on base; Boston (APP) 2 - Bluefield 5
BOTTOM OF THE 4TH
Bluefield Blue Jays batting - Pitching for Boston (APP) Red Sox : LHP Ryan Davis
Batting: RHB Jerry Perez 0-0: SOLO HOME RUN (Flyball, 9LD, EV 94.4 MPH), Distance : 346 ft
Batting: SHB Miguel Sano Jr. 0-0: Called Strike
0-1: Ball
1-1: Foul Ball, location: 2F
1-2: Ball
2-2: Ball
3-2: Base on Balls
Pitching: RHP Seb Lightfoot
Batting: LHB Jessie Stewart 0-0: Called Strike
0-1: Ground out 6-3 (Groundball, 4MD, EV 108.1 MPH)
Miguel Sano Jr. to second
Batting: SHB Toby Patenaude 0-0: Foul Ball, location: 2F
0-1: Called Strike
0-2: Ball
1-2: 2-RUN HOME RUN (Line Drive, 9D, EV 108.8 MPH), Distance : 392 ft
Batting: RHB Mark Noftall 0-0: Called Strike
0-1: Ground out 4-3 (Groundball, 4S, EV 72.5 MPH)
Batting: RHB Cedric Nicholls 0-0: Fly out, F8 (Flyball, 8LS, EV 90.6 MPH)
Bottom of the 4th over - 3 runs, 2 hits, 0 errors, 0 left on base; Boston (APP) 2 - Bluefield 8
TOP OF THE 5TH
Boston (APP) Red Sox batting - Pitching for Bluefield Blue Jays : RHP Shalom Diender
Batting: RHB Luis Nino 0-0: Ball
1-0: Ball
2-0: Ball
3-0: Base on Balls
Batting: RHB Kirk Cully 0-0: Ball
1-0: Fly out, F4 (Popup, 4, EV 58.8 MPH)
Batting: RHB Bob Reichley 0-0: Ball
1-0: Fielders Choice at 2nd, 6-4 (Groundball, 56D, EV 88.8 MPH)
Batting: LHB Kenny Jackson 0-0: Fly out, F8 (Flyball, 78M, EV 94.4 MPH)
Top of the 5th over - 0 runs, 0 hits, 0 errors, 1 left on base; Boston (APP) 2 - Bluefield 8
BOTTOM OF THE 5TH
Bluefield Blue Jays batting - Pitching for Boston (APP) Red Sox : RHP Seb Lightfoot
Batting: LHB Edwin Esparza 0-0: Ball
1-0: Foul Ball, location: 2F
1-1: Foul Ball, location: 2F
1-2: Foul Ball, location: 2F
1-2: Ball
2-2: Ball
3-2: SOLO HOME RUN (Line Drive, 9D, EV 98.1 MPH), Distance : 390 ft
Batting: RHB Tom Bergman 0-0: Ball
1-0: Swinging Strike
1-1: Foul Ball, location: 2F
1-2: Strikes out swinging
Batting: RHB Lewis O'Connell 0-0: Called Strike
0-1: Ball
1-1: Ball
2-1: Ball
3-1: Base on Balls
Batting: RHB Jerry Perez 0-0: Swinging Strike
0-1: Ball
Wild Pitch!
Lewis O'Connell to second
1-1: Swinging Strike
1-2: Foul Ball, location: 2F
1-2: Ball
2-2: Ball
3-2: Base on Balls
Batting: SHB Miguel Sano Jr. 0-0: Foul Ball, location: 2F
0-1: Swinging Strike
0-2: Foul Ball, location: 2F
0-2: Ball
1-2: Ball
2-2: Strikes out swinging
Batting: LHB Jessie Stewart 0-0: Foul Ball, location: 2F
0-1: Ball
1-1: Called Strike
1-2: Strikes out swinging
Bottom of the 5th over - 1 run, 1 hit, 0 errors, 2 left on base; Boston (APP) 2 - Bluefield 9
TOP OF THE 6TH
Boston (APP) Red Sox batting - Pitching for Bluefield Blue Jays : RHP Shalom Diender
Batting: RHB Felix Rangel 0-0: Ball
1-0: Ball
2-0: SOLO HOME RUN (Flyball, 7D, EV 102.5 MPH), Distance : 407 ft
Batting: RHB Eric Kent 0-0: Foul Ball, location: 2F
0-1: SINGLE (Line Drive, 56, EV 98.1 MPH)
Batting: RHB Vladmiri Nugaibekov 0-0: Ball
1-0: Foul Ball, location: 2F
1-1: SINGLE (Groundball, 4MD, EV 110.0 MPH)
Eric Kent to second
Batting: RHB Estevan Carrillo 0-0: Called Strike
0-1: SINGLE (Line Drive, 4MD, EV 99.4 MPH)
Eric Kent to third
Vladmiri Nugaibekov to second
Throwing error, E8
Eric Kent scores
Vladmiri Nugaibekov to third
Estevan Carrillo to second
Batting: RHB Ryan Davis 0-0: Called Strike
0-1: Ball
1-1: Swinging Strike
1-2: Strikes out swinging
Batting: RHB Luis Nino 0-0: Called Strike
0-1: Ground out 3-1 (Groundball, 34, EV 100.0 MPH)
Vladmiri Nugaibekov scores
Estevan Carrillo to third
Pitching: RHP Jason Hanson
Batting: RHB Kirk Cully 0-0: Called Strike
0-1: Foul Ball, location: 2F
0-2: Ball
1-2: Strikes out swinging
Top of the 6th over - 3 runs, 4 hits, 1 error, 1 left on base; Boston (APP) 5 - Bluefield 9
BOTTOM OF THE 6TH
Bluefield Blue Jays batting - Pitching for Boston (APP) Red Sox : RHP Seb Lightfoot
Batting: SHB Toby Patenaude 0-0: Foul Ball, location: 2F
0-1: Ball
1-1: Foul Ball, location: 2F
1-2: Fly out, F7 (Flyball, 78S, EV 86.2 MPH)
Batting: RHB Mark Noftall 0-0: Ball
1-0: DOUBLE (Line Drive, 9LM, EV 90.6 MPH)
Batting: RHB Cedric Nicholls 0-0: Ball
1-0: Swinging Strike
1-1: Called Strike
1-2: Ball
2-2: Ball
3-2: Base on Balls
Pitching: RHP Cedric Tyler
Batting: LHB Edwin Esparza 0-0: Ball
1-0: Called Strike
Mark Noftall steals 3rd base
1-1: Ball
Passed Ball!
Mark Noftall scores
Cedric Nicholls to second
2-1: Foul Ball, location: 2F
2-2: Ball
3-2: Strikes out swinging
Batting: RHB Tom Bergman 0-0: Foul Ball, location: 2F
0-1: Ball
1-1: Foul Ball, location: 2F
1-2: Strikes out swinging
Bottom of the 6th over - 1 run, 1 hit, 0 errors, 1 left on base; Boston (APP) 5 - Bluefield 10
TOP OF THE 7TH
Boston (APP) Red Sox batting - Pitching for Bluefield Blue Jays : RHP Jason Hanson
Batting: RHB Bob Reichley 0-0: Called Strike
0-1: Called Strike
0-2: Ball
1-2: Ball
2-2: SINGLE (Line Drive, 8LS, EV 108.1 MPH)
Batting: LHB Kenny Jackson 0-0: Called Strike
0-1: Ball
1-1: Foul Ball, location: 2F
1-2: Ball
2-2: Ball
3-2: Base on Balls
Bob Reichley to second
Batting: RHB Felix Rangel 0-0: Ball
1-0: Foul Ball, location: 2F
1-1: Foul Ball, location: 2F
1-2: Strikes out swinging
Batting: RHB Eric Kent 0-0: Ball
1-0: Ball
2-0: Called Strike
2-1: Ball
3-1: Base on Balls
Bob Reichley to third
Kenny Jackson to second
Batting: RHB Vladmiri Nugaibekov 0-0: Foul Ball, location: 2F
0-1: Ball
1-1: Called Strike
1-2: Ball
2-2: Foul Ball, location: 2F
2-2: Ball
3-2: Base on Balls
Bob Reichley scores
Kenny Jackson to third
Eric Kent to second
Pinch Hitting: SHB Arihito Hiramoto 0-0: Ball
1-0: Swinging Strike
1-1: Foul Ball, location: 2F
1-2: Strikes out swinging
Batting: RHB Ryan Davis 0-0: Called Strike
0-1: Swinging Strike
0-2: Strikes out swinging
Top of the 7th over - 1 run, 1 hit, 0 errors, 3 left on base; Boston (APP) 6 - Bluefield 10
BOTTOM OF THE 7TH
Bluefield Blue Jays batting - Pitching for Boston (APP) Red Sox : RHP Cedric Tyler
Now at 1B: Mo Tsang
Pinch Hitting: RHB Brandon Williams 0-0: Ball
1-0: Swinging Strike
1-1: Foul Ball, location: 2F
1-2: Ball
2-2: Ball
3-2: Ground out 5-3 (Groundball, 5S, EV 86.9 MPH)
Batting: RHB Jerry Perez 0-0: Called Strike
0-1: Called Strike
0-2: Foul Ball, location: 2F
0-2: Ground out 4-3 (Groundball, 4S, EV 88.1 MPH)
Batting: SHB Miguel Sano Jr. 0-0: Ball
1-0: Ball
2-0: Ball
3-0: Base on Balls
Batting: LHB Jessie Stewart 0-0: Ball
1-0: Swinging Strike
1-1: Foul Ball, location: 2F
1-2: Strikes out swinging
Bottom of the 7th over - 0 runs, 0 hits, 0 errors, 1 left on base; Boston (APP) 6 - Bluefield 10
TOP OF THE 8TH
Boston (APP) Red Sox batting - Pitching for Bluefield Blue Jays : RHP Jason Hanson
Now at SS: Hanley Hernandez
Batting: RHB Luis Nino 0-0: Called Strike
0-1: Ball
1-1: Ball
2-1: Foul Ball, location: 2F
2-2: Foul Ball, location: 2F
2-2: Foul Ball, location: 2F
2-2: Strikes out swinging
Batting: RHB Kirk Cully 0-0: Called Strike
0-1: Ball
1-1: Called Strike
1-2: Ball
2-2: Strikes out looking
Batting: RHB Bob Reichley 0-0: Ball
1-0: Called Strike
1-1: Ball
2-1: Ball
3-1: Fly out, F8 (Flyball, 8RM, EV 91.9 MPH)
Top of the 8th over - 0 runs, 0 hits, 0 errors, 0 left on base; Boston (APP) 6 - Bluefield 10
BOTTOM OF THE 8TH
Bluefield Blue Jays batting - Pitching for Boston (APP) Red Sox : RHP Cedric Tyler
Batting: SHB Toby Patenaude 0-0: Foul Ball, location: 2F
0-1: Called Strike
0-2: Strikes out swinging, 2-3 out at first.
Batting: RHB Mark Noftall 0-0: Called Strike
0-1: Ball
1-1: Ground out 4-3 (Groundball, 34, EV 80.6 MPH)
Batting: RHB Cedric Nicholls 0-0: Ball
1-0: Called Strike
1-1: Ball
2-1: Ball
3-1: Called Strike
3-2: Fly out, F1 (Line Drive, P, EV 74.4 MPH)
Bottom of the 8th over - 0 runs, 0 hits, 0 errors, 0 left on base; Boston (APP) 6 - Bluefield 10
TOP OF THE 9TH
Boston (APP) Red Sox batting - Pitching for Bluefield Blue Jays : RHP Jason Hanson
Pitching: LHP Jim Sabin
Pinch Hitting: RHB Panam Palmer 0-0: Ball
1-0: Foul Ball, location: 2F
1-1: Swinging Strike
1-2: Foul Ball, location: 2F
1-2: Strikes out swinging
Batting: RHB Felix Rangel 0-0: Fly out, F8 (Flyball, 8LS, EV 94.4 MPH)
Batting: RHB Eric Kent 0-0: Foul Ball, location: 2F
0-1: Foul Ball, location: 2F
0-2: Strikes out swinging
Top of the 9th over - 0 runs, 0 hits, 0 errors, 0 left on base; Boston (APP) 6 - Bluefield 10
Sunday, July 16th , 2023 - OOTP Baseball 24.6 Build 69